 Dungeon Crawl Stone Soup version 0.18.1-48-g4cf74bf (webtiles) character file.

380 MirrMurr the Nimble (level 6, 33/33 HPs)
             Began as a Felid Berserker on July 11, 2016.
             Was an Elder of Trog.
             Quit the game on level 6 of the Dungeon.
             The game lasted 00:13:17 (5749 turns).

MirrMurr the Nimble (Felid Berserker)               Turns: 5749, Time: 00:13:17

Health: 33/33      AC:  2    Str: 15    XL:     6   Next: 46%
Magic:  7/7        EV: 23    Int:  8    God:    Trog [****..]
Gold:   380        SH:  0    Dex: 16    Spells: 0 memorised, 5 levels left
                                        Lives:  0   Deaths: 2

rFire  . . .     SeeInvis +       - Unarmed
rCold  . . .     Gourm    .     (armour unavailable)
rNeg   . . .     Faith    .     (shield unavailable)
rPois  .         Spirit   .     (helmet unavailable)
rElec  .         Dismiss  .     (cloak unavailable)
rCorr  .         Reflect  .     (gloves unavailable)
SustAt +         Harm     .     (boots unavailable)
MR     .....                    (no amulet)
Stlth  ++++......               j - ring of sustain attributes
                                d - ring of flight

@: quick, not resistant to hostile enchantments, stealthy
A: no armour, no weapons or thrown items, claws 1, fangs 3, see invisible,
carnivore 3, speed 1, shaggy fur 2, slow metabolism 1, sharp paws
a: Berserk, Trog's Hand, Brothers in Arms, Burn Spellbooks, Renounce Religion,
Evoke Flight


You were on level 6 of the Dungeon.
You worshipped Trog.
Trog was greatly pleased with you.
You were not hungry.

You visited 1 branch of the dungeon, and saw 6 of its levels.

You collected 380 gold pieces.

Inventory:

Jewellery
 d - a ring of flight (left paw)
 j - a ring of sustain attributes (right paw)
Wands
 g - a wand of teleportation (1/9)
 n - a wand of flame (23/48)
Scrolls
 b - a scroll of magic mapping
 h - a scroll of blinking
 p - a scroll of identify
 r - 2 scrolls of remove curse
Potions
 c - a potion of resistance
 e - 3 potions of might
 f - 2 potions of invisibility
 i - 3 potions of curing
 k - a potion of haste
Comestibles
 a - 5 meat rations
 m - 2 beef jerkies
 o - a slice of pizza


   Skills:
 * Level 7.0 Fighting
 + Level 8.0 Dodging
 + Level 4.6 Stealth
 + Level 5.5 Unarmed Combat


You had 5 spell levels left.
You didn't know any spells.

Dungeon Overview and Level Annotations

Branches:
Dungeon (6/15)
 Temple: D:4-7

Altars:
Kikubaaqudgha
Sif Muna
Xom


Innate Abilities, Weirdness & Mutations

You cannot wear armour.
You are incapable of wielding weapons or throwing items.
You have sharp claws.
You have razor-sharp teeth.
You have supernaturally acute eyesight.
You are carnivorous and can eat meat at any time.
You cover ground quickly.
You are covered in thick fur (AC +2).
You have a slow metabolism.
Your sharp claws are effective at attacking unaware monsters.


Message History

The ice beast completely misses you. The ice beast hits you.
The ice beast freezes you!
* * * LOW HITPOINT WARNING * * *
You are too injured to fight recklessly!
You are too injured to fight recklessly!
You are too injured to fight recklessly!
A red film seems to cover your vision as you go berserk!
You feel yourself moving faster!
You feel mighty!
You feel somewhat less full. The ice beast barely misses you.
The ice beast closely misses you.
You claw the ice beast!
The ice beast is moderately wounded.
The ice beast hits you.
* * * LOW HITPOINT WARNING * * *
The ice beast freezes you!
You die...
You are now level 6!
You rejoin the land of the living...
Found a scale mail.
Unknown command.
Are you sure you want to abandon this character and quit the game? (Confirm with "yes".)

.## +#
##########.#
#...@....[..
#.########.#


There were no monsters in sight!

Vanquished Creatures
  Edmund (D:6)
  A sky beast (D:5)
  2 ogres (D:4)
  A centaur (D:5)
  Blork the orc (D:6)
  A giant frog (D:6)
  2 scorpions
  A wight (D:6)
  2 crimson imps (D:5)
  A hound (D:4)
  2 orc priests
  Crazy Yiuf (D:2)
  A giant frog skeleton (D:4)
  2 orc wizards
  Jessica (D:2)
  An iguana (D:5)
  A hound skeleton (D:4)
  3 gnolls (D:3)
  6 adders
  An ooze (D:1)
  2 worms (D:4)
  A giant gecko (D:4)
  19 orcs
  11 bats
  4 giant cockroaches
  10 goblins
  14 hobgoblins
  6 jackals
  4 quokkas
  2 ball pythons
  A giant gecko zombie (D:5)
  6 giant newts
  8 kobolds
  A quokka skeleton (D:4)
  15 rats
  A fungus (D:2)
137 creatures vanquished.

Notes
Turn   | Place    | Note
--------------------------------------------------------------
     0 | D:1      | MirrMurr the Felid Berserker began the quest for the Orb.
     0 | D:1      | Reached XP level 1. HP: 10/10 MP: 2/2
   298 | D:1      | Reached XP level 2. HP: 13/14 MP: 3/3
   636 | D:1      | Reached ** piety under Trog
   641 | D:1      | Reached XP level 3. HP: 10/17 MP: 4/4
  1110 | D:2      | Noticed Jessica
  1116 | D:2      | Killed Jessica
  1116 | D:2      | Reached skill level 5 in Dodging
  1133 | D:2      | Reached XP level 4. HP: 14/22 MP: 5/5
  1385 | D:2      | Reached skill level 1 in Stealth
  1694 | D:2      | Noticed Crazy Yiuf
  1702 | D:2      | Killed Crazy Yiuf
  2125 | D:2      | Reached XP level 5. HP: 25/25 MP: 6/6
  2494 | D:3      | Reached *** piety under Trog
  2742 | D:3      | Reached skill level 6 in Dodging
  3507 | D:4      | Noticed a phantom
  3827 | D:4      | Gained mutation: You are covered in thick fur (AC +2). [Felid growth]
  3827 | D:4      | Reached XP level 6. HP: 23/30 MP: 7/7
  4190 | D:4      | Reached skill level 5 in Fighting
  4226 | D:4      | Reached **** piety under Trog
  4924 | D:4      | Reached XP level 7. HP: 33/33 MP: 8/8
  5016 | D:4      | Reached skill level 7 in Dodging
  5148 | D:5      | Entered Level 5 of the Dungeon
  5194 | D:5      | Found an ancient bone altar of Kikubaaqudgha.
  5292 | D:5      | Found a deep blue altar of Sif Muna.
  5292 | D:5      | Found a shimmering altar of Xom.
  5411 | D:5      | Reached skill level 5 in Unarmed Combat
  5661 | D:6      | Reached XP level 8. HP: 39/39 MP: 9/9
  5664 | D:6      | Noticed Blork the orc
  5671 | D:6      | Killed Blork the orc
  5689 | D:6      | Slain by a wight
  5690 | D:6      | Reached XP level 7. HP: 0/35 MP: 8/8
  5690 | D:6      | Found an ancient bone altar of Kikubaaqudgha.
  5730 | D:6      | Noticed Edmund
  5738 | D:6      | Killed Edmund
  5742 | D:6      | Reached skill level 8 in Dodging
  5748 | D:6      | Mangled by an ice beast
  5749 | D:6      | Reached XP level 6. HP: -6/49 MP: 7/7
  5749 | D:6      | Quit the game

Skill      XL: |  1  2  3  4  5  6  7 |
---------------+----------------------+-----
Fighting       | 4 5 7 |  7.0
Dodging        | 5 6 8 |  8.0
Stealth        | 1 2 3 4 |  4.6
Unarmed Combat | 4 5 |  5.5

Action                   |  1- 3 |  4- 6 |  7- 9 || total
-------------------------+-------+-------+-------++-------
Melee: Unarmed           |    88 |   272 |    94 ||   454
       Bite              |     7 |    22 |     8 ||    37
       Punch             |     4 |     4 |     3 ||    11
Invok: Berserk           |     1 |     7 |     2 ||    10
       Burn Spellbooks   |       |     1 |       ||     1
       Trog's Hand       |       |     1 |       ||     1
  Use: Scroll            |     3 |     5 |     3 ||    11
 Stab: Sleeping          |     3 |     7 |     3 ||    13
       Distracted        |       |       |     1 ||     1
  Eat: Chunk             |     9 |    14 |     8 ||    31
Armor: Skin              |     5 |    10 |     6 ||    21
Dodge: Dodged            |    62 |   191 |    72 ||   325
